 Dungeon Crawl Stone Soup version 0.31-a0-836-g3ceb0a68c4 (webtiles) character file.

Game seed: 9207799146767546156

263 Shayle the Trooper (level 5, -1/42 HPs)
             Began as a Demonspawn Reaver on Sept 26, 2023.
             Was an Initiate of Ashenzari.
             Slain by an ufetubus (2 damage)
             ... on level 5 of the Dungeon.
             The game lasted 00:08:28 (3603 turns).

Shayle the Trooper (Demonspawn Reaver)              Turns: 3603, Time: 00:08:29

Health: -1/42      AC:  3    Str: 13    XL:     5   Next: 98%
Magic:  8/8        EV: 11    Int: 20    God:    Ashenzari [......]
Gold:   281        SH:  0    Dex: 11    Spells: 3/8 levels left

rFire   . . .        a - +0 spear
rCold   . . .        (no shield)
rNeg    . . .        b - +0 leather armour
rPois   .            (no helmet)
rElec   .            (no cloak)
rCorr   .            (no gloves)
SInv    .            (no boots)
Will    +....        (no amulet)
Stlth   +            (no ring)
HPRegen 0.27/turn    (no ring)
MPRegen 0.11/turn

%: no passive effects
@: brilliant, enlightened, flying
A: hooves 1, big brain 2
a: Renounce Religion, Curse Item


You were on level 5 of the Dungeon.
You worshipped Ashenzari.
Ashenzari was noncommittal.
You visited 1 branch of the dungeon, and saw 5 of its levels.

You collected 281 gold pieces.

Inventory:

Hand Weapons
 a - a +0 spear (weapon)
Armour
 b - a +0 leather armour (worn)
Jewellery
 k - a ring of see invisible
Wands
 d - a wand of polymorph (8)
Scrolls
 c - 2 scrolls of fog
 e - 2 scrolls of identify
Potions
 f - 2 potions of curing
 j - a potion of enlightenment
 l - a potion of magic {unknown}


   Skills:
 + Level 4.0 Fighting
 - Level 2.6 Polearms
 + Level 2.9 Armour
 - Level 1.7 Dodging
 - Level 2.0 Spellcasting
 + Level 3.0 Conjurations
 + Level 3.4 Necromancy
 + Level 0.0 Fire Magic


You had 3 spell levels left.
You knew the following spells:

 Your Spells              Type           Power      Damage    Failure   Level
a - Kiss of Death         Conj/Necr      88%        2d12      5%          1
b - Sticky Flame          Conj/Fire      12%        2d4       71%         4

Your spell library contained the following spells:

 Spells                   Type           Power      Damage    Failure   Level
 Momentum Strike          Conj/Tloc      24%        3d8       16%         2
 Hailstorm                Conj/Ice       12%        3d5       32%         3
 Inner Flame              Hex/Fire       3%         N/A       52%         3
 Flame Wave               Conj/Fire      12%        2d6       71%         4


Dungeon Overview and Level Annotations

Branches:
Dungeon (5/15)
 Temple: D:4-7

Altars:
Ashenzari

Annotations:
D:4 Menkaure


Innate Abilities, Weirdness & Mutations

You have large cloven feet.
You have an extremely huge brain. (Int +4)


Message History

The scorpion closely misses you. The ufetubus hits you. x2
The orc priest invokes the aid of Beogh against you.
Beogh smites you! The ufetubus barely misses you.
The ufetubus closely misses you.
Ashenzari invites you to partake of a vision and a curse of fortitude and cunning.
The scorpion attacks as it pursues you! The scorpion stings you.
* * * LOW HITPOINT WARNING * * *
The ufetubus hits you.
* * * LOW HITPOINT WARNING * * *
The ufetubus hits you but does no damage.
Unknown command.
The ufetubus barely misses you. The ufetubus closely misses you.
The ufetubus attacks as it pursues you! The ufetubus hits you.
* * * LOW HITPOINT WARNING * * *
The ufetubus barely misses you. The ufetubus closely misses you.
The ufetubus hits you.
* * * LOW HITPOINT WARNING * * *
The orc priest begins to cast a cantrip, but forgets the words!
The ufetubus attacks as it pursues you! The ufetubus hits you.
* * * LOW HITPOINT WARNING * * *
The ufetubus hits you but does no damage.
The ufetubus closely misses you. The ufetubus hits you.
* * * LOW HITPOINT WARNING * * *
It was a potion of enlightenment.
You feel very buoyant.
You fly up into the air.
The ufetubus misses you. The ufetubus hits you.
* * * LOW HITPOINT WARNING * * *
As you read the scroll labelled FACITEBUIV, it crumbles to dust.
You hear a loud clanging noise!
It was a scroll of noise.
Something shouts, "Take thy face hence, thou canting guts-griping beggar!"
You hear a shout!
You hear an angry hiss.
You hear a shout! x3
The ufetubus closely misses you. The ufetubus barely misses you.
The ufetubus misses you. The ufetubus barely misses you.
Okay, then.
It was a potion of brilliance.
You feel clever all of a sudden.
The ufetubus hits you but does no damage.
The ufetubus hits you.
You die...

... #........
#.####........
#.............
#......<....
#...........
####..........#
##.o..$......###
########so##......[.#
#.....@5s###.>......#
#.######## #...?...!#
..........#
#..######.## #.o ..#
... #... #.#. #.


You could see 2 scorpions, an orc priest, an orc and an ufetubus.

Vanquished Creatures
  An iguana (D:4)
  A sleepcap (D:4)
  Natasha (thrice) (D:2)
  4 adders
  An ufetubus (D:4)
  A worm (D:3)
  2 dart slugs
  An orc (D:3)
  An endoplasm (D:2)
  3 giant cockroaches
  9 goblins
  9 hobgoblins
  11 jackals
  9 kobolds
  2 quokkas
  8 ball pythons
  10 bats
  11 frilled lizards
  2 rats (D:2)
89 creatures vanquished.

Notes
Turn   | Place    | Note
-------+----------+-------------------------------------------
     0 | D:1      | Shayle the Demonspawn Reaver began the quest for the Orb.
     0 | D:1      | Reached XP level 1. HP: 16/16 MP: 3/3
   281 | D:1      | Gained mutation: You have large cloven feet. [demonic
                  | ancestry]
   281 | D:1      | Reached XP level 2. HP: 22/22 MP: 5/5
   333 | D:1      | Reached skill level 1 in Necromancy
   410 | D:1      | Reached skill level 1 in Armour
   905 | D:2      | Gained mutation: You have an unusually large brain. (Int
                  | +2) [demonic ancestry]
   905 | D:2      | Reached XP level 3. HP: 25/28 MP: 6/6
   946 | D:2      | Found a broken altar of Ashenzari.
   956 | D:2      | Became a worshipper of Ashenzari the Shackled
  1051 | D:2      | Noticed Natasha
  1057 | D:2      | Killed Natasha
  1207 | D:2      | Reached skill level 3 in Fighting
  1207 | D:2      | Reached XP level 4. HP: 21/35 MP: 7/7
  1327 | D:2      | Noticed Natasha
  1342 | D:2      | Killed Natasha
  1637 | D:2      | Noticed Natasha
  1649 | D:2      | Killed Natasha
  2172 | D:3      | Gained mutation: You have an extremely huge brain. (Int +4)
                  | [demonic ancestry]
  2172 | D:3      | Reached XP level 5. HP: 34/41 MP: 8/8
  3098 | D:4      | Noticed Menkaure
  3407 | D:4      | Reached skill level 4 in Fighting
  3581 | D:4      | Learned a level 4 spell: Sticky Flame
  3588 | D:5      | Entered Level 5 of the Dungeon
  3600 | D:5      | HP: 2/42 [ufetubus (2)]
  3603 | D:5      | Slain by an ufetubus

Illustrated notes

Levels and vault maps discovered:
D:1:      psy_arrival_dodecagon, layout_loops_ring, minmay_misc_feat_five,
          minmay_lizard_king
D:2:      layout_loops_corners, basic_altar, kennysheep_generic_room_14,
          uniq_natasha
D:3:      layout_rooms
D:4:      layout_loops_corners, uniq_menkaure, uniq_crazy_yiuf_cottage
D:5:      layout_rooms, minmay_temple_entry_purple_smoke

Skill      XL: |  1  2  3  4  5 |
---------------+----------------+-----
Necromancy     | 1 2 3 |  3.4
Armour         | 1 2 |  2.9
Fighting       | 3 4 |  4.0
Polearms       | |  2.6
Dodging        | |  1.7
Spellcasting   | |  2.0
Conjurations   | |  3.0

Action                     |  1- 3 |  4- 6 || total
---------------------------+-------+-------++-------
  Melee: Spear             |   126 |   226 ||   352
         Kick              |    21 |    58 ||    79
         Unarmed           |       |     7 ||     7
         Punch             |       |     1 ||     1
    Use: Scroll            |       |     5 ||     5
         Potion            |       |     5 ||     5
 Armour: Leather armour    |    80 |   145 ||   225
         Skin              |       |     3 ||     3
  Dodge: Dodged            |   101 |   180 ||   281

Table legend: (Time is in decaauts)
 A = Elapsed time spent in this place.
 B = Non-inter-level travel time spent in this place.
 C = Inter-level travel time spent in this place.
 D = Time resting spent in this place.
 E = Time spent auto-exploring this place.
 F = Levels seen in this place.
 G = Mean time per level.
                   A        B        C        D        E       F      G
               +--------+--------+--------+--------+--------+-----+--------+
         Total |   3607 |   3459 |    148 |    275 |   2254 |   5 |  721.4 |
       Dungeon |   3607 |   3459 |    148 |    275 |   2254 |   5 |  721.4 |
               +--------+--------+--------+--------+--------+-----+--------+

Top non-repeatable levels by time:
     D:2: 1239 daAuts
     D:1: 874 daAuts
     D:4: 800 daAuts
     D:3: 678 daAuts
     D:5: 14 daAuts
